 Dungeon Crawl Stone Soup version 0.31-a0-175-g9f7f995f2b (webtiles) character file.

Game seed: 8730756248547256237

939 qw the Chopper (level 8, -1/49 HPs)
             Began as a Gargoyle Fighter on June 16, 2023.
             Slain by a two-headed ogre
             ... wielding a +0 giant club
              (5 damage)
             ... on level 5 of the Dungeon.
             The game lasted 00:02:04 (4808 turns).

qw the Chopper (Gargoyle Fighter)                   Turns: 4808, Time: 00:02:05

Health: -1/49      AC: 14    Str: 22    XL:     8   Next: 12%
Magic:  8/8        EV:  8    Int:  9    God:
Gold:   232        SH:  4    Dex:  9    Spells: 7/7 levels left

rFire   . . .        Y - +1 war axe
rCold   . . .        c - +0 buckler
rNeg    + . .        g - +0 chain mail
rPois   inf          (no helmet)
rElec   +            (no cloak)
rCorr   .            (no gloves)
SInv    .            (no boots)
Will    .....        (no amulet) Stlth
                     (no ring)
HPRegen 0.28/turn    (no ring)
MPRegen 0.11/turn

%: no passive effects
@: no status effects
A: sickness immunity, AC +5, negative energy resistance 1, electricity
resistance, torment resistance 1, petrification resistance
a: no special abilities


You were on level 5 of the Dungeon.
You visited 1 branch of the dungeon, and saw 5 of its levels.

You collected 232 gold pieces.


Innate Abilities, Weirdness & Mutations

You are immune to sickness and miasma.
Your stone body is resilient. (AC +5)
You are immune to poison.
You resist negative energy. (rN+)
You are resistant to electric shocks. (rElec)
You are resistant to unholy torment.
You are immune to petrification.


   Skills:
 - Level 5.1 Fighting
 + Level 7.4 Axes
 - Level 1.1 Throwing
 - Level 3.2 Armour
 - Level 1.1 Dodging
 - Level 3.2 Shields


You had 7 spell levels left.
You didn't know any spells.
Your spell library was empty.

Inventory:

Hand Weapons
 h - a +2 flail of draining
 m - a +0 mace
 Y - a +1 war axe (weapon)
Missiles
 b - 3 boomerangs (quivered)
Armour
 a - a +0 plate armour
 c - a +0 buckler (worn)
 g - a +0 chain mail (worn)
Scrolls
 i - 2 scrolls of identify
Potions
 d - a potion of might
 k - a potion of attraction {unknown}
 l - 3 potions of curing
 o - a potion of haste {unknown}

Dungeon Overview and Level Annotations

Branches:
Dungeon (5/15)
 Temple: D:4-7

Altars:
Ashenzari
Hepliaklqana
Ru
Xom
The Shining One


Message History

The electric eel shoots out a bolt of lightning at you!
The bolt of electricity hits you. You resist.
You barely miss the electric eel.
The electric eel is almost dead.
You barely miss the electric eel.
The electric eel is almost dead.
The electric eel shoots out a bolt of lightning at you!
The bolt of electricity misses you.
You hit the electric eel.
The electric eel is almost dead.
You hit the electric eel.
You kill the electric eel!
You start resting.
A two-headed ogre comes into view. It is wielding two +0 giant clubs.
You throw a boomerang. The two-headed ogre shouts in stereo!
The boomerang hits the two-headed ogre but does no damage.
You throw a boomerang. The boomerang hits the two-headed ogre.
The two-headed ogre is lightly wounded.
You throw a boomerang. The boomerang hits the two-headed ogre.
The two-headed ogre is lightly wounded.
You throw a boomerang. The boomerang hits the two-headed ogre.
The two-headed ogre is lightly wounded.
You barely miss the two-headed ogre.
The two-headed ogre is lightly wounded.
The two-headed ogre hits you with a +0 giant club.
The two-headed ogre hits you with a +0 giant club!
You barely miss the two-headed ogre.
The two-headed ogre is lightly wounded.
The two-headed ogre barely misses you.
The two-headed ogre hits you with a +0 giant club!
You barely miss the two-headed ogre.
The two-headed ogre is lightly wounded.
You closely miss the two-headed ogre.
The two-headed ogre is lightly wounded.
The two-headed ogre barely misses you. x2
You slash the two-headed ogre!
The two-headed ogre is moderately wounded.
The two-headed ogre hits you with a +0 giant club.
You die...

##..##....
#######.##....
#.............
#.######......
########## #.....##..
##...~~~~~####.........
##.########.##...##.....
#~##.....~##.#..........
#~#...O@~~~#.#..........
#.#....%%.~#.###<#.##...
#.#'..~.[~~#~#..........
#..#..P=[~##~##.........
##~##########~##........
#~~# .~((~##~#..>.....
##~# ..P.~~#.#........
.# ..P.!S#.#......[< .#
.P~~~S#.#........


You could see a two-headed ogre.

Vanquished Creatures
  Grinder (D:3)
  An ogre (D:4)
  2 phantoms
  A scorpion (D:5)
  2 howler monkeys
  3 electric eels (D:5)
  A hound (D:5)
  A sleepcap (D:5)
  An iguana (D:4)
  An orc wizard (D:4)
  3 gnolls (D:3)
  5 adders
  A white imp (D:5)
  A dart slug (D:1)
  5 orcs
  5 endoplasms
  2 giant cockroaches (D:1)
  9 goblins
  5 hobgoblins
  14 jackals
  4 quokkas
  3 ball pythons
  7 bats
  A frilled lizard (D:3)
  7 kobolds
  6 rats
92 creatures vanquished.

Notes
Turn   | Place    | Note
-------+----------+-------------------------------------------
     0 | D:1      | qw the Gargoyle Fighter began the quest for the Orb.
     0 | D:1      | Reached XP level 1. HP: 14/14 MP: 1/1
     0 | D:1      | 0 ||| qw: Version: 0.2-a-29-g511e9b1
     0 | D:1      | 0 ||| qw: Game counter: 5935
     0 | D:1      | 0 ||| qw: Always use a shield: true
     0 | D:1      | 0 ||| qw: God list: Okawaru
     0 | D:1      | 0 ||| qw: Allow faded altars: false
     0 | D:1      | 0 ||| qw: Do Orc after D:15 true
     0 | D:1      | 0 ||| qw: Do second Lair branch before Depths: true
     0 | D:1      | 0 ||| qw: Lair rune preference: random
     0 | D:1      | 0 ||| qw: Plans: Normal, Zot:1-4, Slime:5, God:TSO, Crypt,
                  | Tomb, Abyss, Pan, Hells, Win
     0 | D:1      | 0 ||| PLANNING D:1-11
   184 | D:1      | Reached skill level 2 in Axes
   270 | D:1      | Reached XP level 2. HP: 16/19 MP: 2/2
   375 | D:1      | 375 ||| Stepping ~*~*~tactically~*~*~ (stealth).
   457 | D:1      | 457 ||| DROPPING +0 club.
   700 | D:1      | 700 ||| DROPPING +0 whip.
   823 | D:1      | Reached skill level 3 in Axes
  1167 | D:1      | 1167 ||| UPGRADING to +0 chain mail.
  1177 | D:1      | 1177 ||| DROPPING +0 scale mail.
  1178 | D:1      | 1178 ||| READING scroll labelled QEOCODO XUDYZE.
  1179 | D:1      | 1179 ||| READING 5 scrolls labelled WOWKUVE YSHRESY.
  1184 | D:1      | 1184 ||| READING scroll labelled XYIBBO MIOFE.
  1185 | D:1      | 1185 ||| READING 2 scrolls labelled RAFFIL OWNU.
  1310 | D:2      | Reached XP level 3. HP: 23/23 MP: 3/3
  2035 | D:3      | Found a hazy altar of Hepliaklqana.
  2038 | D:3      | Found a shimmering altar of Xom.
  2039 | D:3      | Noticed a spectral ugly thing
  2145 | D:3      | Found a glowing golden altar of the Shining One.
  2203 | D:3      | Found a sacrificial altar of Ru.
  2452 | D:3      | Found a broken altar of Ashenzari.
  2460 | D:3      | Identified the +7 spear of Subjectivity {vamp, rElec rPois
                  | MP+9 Stlth-}
  2471 | D:3      | Reached skill level 4 in Axes
  2471 | D:3      | Reached XP level 4. HP: 23/28 MP: 4/4
  2509 | D:3      | Reached XP level 5. HP: 22/32 MP: 5/5
  2517 | D:3      | HP: 7/32 [gnoll/+0 spear of venom (3)]
  2518 | D:3      | 2518 ||| READING 4 scrolls of teleportation.
  2664 | D:3      | Noticed Grinder
  2665 | D:3      | 2665 ||| Stepping ~*~*~tactically~*~*~ (stealth).
  2667 | D:3      | 2667 ||| Stepping ~*~*~tactically~*~*~ (hiding).
  2679 | D:3      | HP: 6/32 [Grinder/nerve-wracking pain (5)]
  2680 | D:3      | 2680 ||| READING 3 scrolls of teleportation.
  2700 | D:3      | 2700 ||| READING 2 scrolls of teleportation.
  3009 | D:3      | 3009 ||| Stepping ~*~*~tactically~*~*~ (hiding).
  3114 | D:3      | HP: 5/32 [Grinder (6)]
  3115 | D:3      | 3115 ||| READING scroll of teleportation.
  3116 | D:3      | HP: 1/32 [Grinder/nerve-wracking pain (4)]
  3118 | D:3      | Killed Grinder
  3119 | D:3      | Reached skill level 6 in Axes
  3119 | D:3      | Reached XP level 6. HP: 2/37 MP: 6/6
  3503 | D:3      | 3503 ||| READING scroll labelled FIWONA BYIROOT.
  3504 | D:3      | 3504 ||| READING scroll labelled MESETW IMYNEOK.
  3505 | D:3      | 3505 ||| DRINKING 2 red potions.
  3506 | D:3      | 3506 ||| DRINKING 3 gluggy blue potions.
  3507 | D:3      | 3507 ||| DROPPING potion of brilliance.
  3912 | D:4      | 3912 ||| Stepping ~*~*~tactically~*~*~ (stealth).
  3914 | D:4      | Reached XP level 7. HP: 43/43 MP: 7/7
  3921 | D:4      | Reached skill level 1 in Dodging
  4196 | D:4      | 4196 ||| DROPPING orb of guile.
  4197 | D:4      | 4197 ||| DROPPING ring of wizardry.
  4198 | D:4      | 4198 ||| READING scroll labelled OPHYEC HADUIG.
  4199 | D:4      | 4199 ||| READING scroll labelled QISCHU JILAI.
  4200 | D:4      | 4200 ||| READING 3 scrolls of identify.
  4200 | D:4      | 4200 ||| IDENTIFYING viscous brown potion
  4201 | D:4      | 4201 ||| READING 2 scrolls of identify.
  4201 | D:4      | 4201 ||| IDENTIFYING puce potion
  4202 | D:4      | 4202 ||| DROPPING potion of enlightenment.
  4248 | D:5      | Entered Level 5 of the Dungeon
  4302 | D:5      | Reached skill level 7 in Axes
  4314 | D:5      | 4314 ||| Stepping ~*~*~tactically~*~*~ (stealth).
  4594 | D:5      | 4594 ||| Stepping ~*~*~tactically~*~*~ (water).
  4599 | D:5      | Reached skill level 1 in Throwing
  4673 | D:5      | 4673 ||| FLEEEEING.
  4679 | D:5      | HP: 10/44 [electric eel/bolt of electricity (3)]
  4680 | D:5      | 4680 ||| DRINKING potion of heal wounds.
  4683 | D:5      | Reached XP level 8. HP: 6/49 MP: 8/8
  4684 | D:5      | HP: 2/49 [electric eel/bolt of electricity (4)]
  4799 | D:5      | Noticed a two-headed ogre
  4805 | D:5      | HP: 3/49 [two-headed ogre/+0 giant club (15)]
  4808 | D:5      | Slain by a two-headed ogre

Levels and vault maps discovered:
D:1:      sevenhm_arrival_forest_fort_small_5, layout_basic, st_stairs_12,
          minmay_misc_feat_ornament, minmay_pentomino_o2
D:2:      layout_basic
D:3:      layout_basic, regret_index_temple_of_mockery,
          nicolae_ru_the_path_less_chosen, mainiacjoe_overflow_catwalk_spiral,
          kennysheep_crisscross, minivault_14, minmay_surrounded, uniq_grinder
D:4:      layout_loops_ring, minmay_liquid_box
D:5:      cheibrodos_two_vegetables, layout_rooms, serial_rivers,
          chequers_serial_rivers_large_a, chequers_serial_rivers_large_b,
          chequers_serial_rivers_small_3, chequers_serial_rivers_room_b,
          minmay_misc_feat_room, minmay_ruined_shrine

Skill      XL: |  1  2  3  4  5  6  7 |
---------------+----------------------+-----
Axes           | 2 3 4 6 7 |  7.4
Fighting       | 4 5 |  5.1
Dodging        | 1 |  1.1
Throwing       | 1 |  1.1
Armour         | |  3.2
Shields        | |  3.2

Action                     |  1- 3 |  4- 6 |  7- 9 || total
---------------------------+-------+-------+-------++-------
  Melee: War axe           |   134 |   103 |   101 ||   338
  Throw: Boomerang         |    15 |    18 |    39 ||    72
    Use: Scroll            |     4 |     6 |     4 ||    14
         Potion            |       |     2 |     1 ||     3
 Armour: Scale mail        |    50 |       |       ||    50
         Chain mail        |    41 |    68 |    44 ||   153
  Dodge: Dodged            |    50 |    41 |    41 ||   132
  Block: Buckler           |    22 |    17 |    14 ||    53

Table legend:
 A = Non-vault XP
 B = Vault XP
 C = Vault XP percentage of total XP
 D = Non-vault monster count
 E = Vault monster count
 F = Vault count percentage of total count
                 A         B        C        D         E       F
            +---------+---------+-------+---------+---------+-------
      Total |     834 |     508 |  37.9 |      80 |      12 |  13.0
            +---------+---------+-------+---------+---------+-------
        D:1 |      28 |       4 |  12.5 |      18 |       2 |  10.0
        D:2 |      35 |       0 |   0.0 |      15 |       0 |   0.0
        D:3 |     135 |     280 |  67.5 |      18 |       5 |  21.7
        D:4 |     344 |       0 |   0.0 |      12 |       0 |   0.0
        D:5 |     292 |     224 |  43.4 |      17 |       5 |  22.7
            +---------+---------+-------+---------+---------+-------
